[Event "ICCopen2017"]
[Site "Internet Chess Club"]
[Date "2017.03.19"]
[Round "7"]
[White "Magagna"]
[Black "rjohnson812"]
[Result "1-0"]
[ICCResult "Black forfeits on time"]
[WhiteElo "1600"]
[BlackElo "1408"]
[Opening "Queen's pawn"]
[ECO "A40"]
[NIC "QO.17"]
[Time "20:25:17"]
[TimeControl "180+0"]

1. d4 e6 2. Nf3 d5 3. Bf4 Bd6 4. Bg3 Ne7 5. e3 Nf5 6. Bd3 Nxg3 7. hxg3 h6 8.
Nbd2 Nc6 9. O-O Ne7 10. Re1 f5 11. Rc1 c6 12. c4 Bd7 13. Qb3 Qb6 14. Ne5
Bxe5 15. dxe5 Qxb3 16. Nxb3 b6 17. Rc3 g5 18. Rec1 c5 19. Nd2 Ng6 20. a3
Nxe5 21. cxd5 exd5 22. f4 Nxd3 23. Rxd3 Be6 24. Nf3 g4 25. Ne5 h5 26. b4 c4
27. Rd4 h4 28. Ng6 Rh6 29. Nxh4 Rxh4 30. gxh4 Kf7 31. g3 b5 32. e4 fxe4 33.
f5 Bxf5 34. Rxd5 Ke6 35. Rxb5 e3 36. Re1 Bd3 37. Rxe3+ Kd6 38. Rc5 Rf8 39.
h5 Rf1+ 40. Kg2 Ra1 41. h6 Ra2+ 42. Kg1 Ra1+ 43. Kf2 Ra2+ 44. Ke1 Rh2 45. a4
Rxh6 46. Rg5 Rh1+ 47. Kd2 Ra1 48. a5 Rb1 49. Rxg4 {Black forfeits on time}
1-0

[Event "ICCopen2017"]
[Site "Internet Chess Club"]
[Date "2017.03.19"]
[Round "7"]
[White "subterfuge"]
[Black "A4-H5"]
[Result "0-1"]
[ICCResult "White forfeits on time"]
[WhiteElo "1502"]
[BlackElo "1827"]
[Opening "Old Benoni defense"]
[ECO "A43"]
[NIC "OI.09"]
[Time "20:25:47"]
[TimeControl "180+0"]

1. d4 c5 2. c3 Nf6 3. Nf3 g6 4. Bg5 Bg7 5. e3 O-O 6. Bd3 Nc6 7. Qc2 d6 8. h4
Bg4 9. Nbd2 Rc8 10. Nh2 cxd4 11. Bxf6 dxe3 12. Nxg4 Nb4 13. Qb1 exd2+ 14.
Kxd2 Nxd3 15. Bxg7 Nxb2 16. Qxb2 Kxg7 17. h5 Rc4 18. Ne3 Rc5 19. hxg6 hxg6
20. c4+ f6 21. Rae1 Qa5+ 22. Ke2 Re5 23. Qd2 Qc5 24. Kf1 e6 25. a3 Rd8 26.
Qe2 Re4 27. Qf3 Re5 28. Ng4 Rf5 29. Qh3 Rg8 30. Qh7+ Kf8 31. Nh6 Qxc4+
{White forfeits on time}
0-1

[Event "ICCopen2017"]
[Site "Internet Chess Club"]
[Date "2017.03.19"]
[Round "7"]
[White "bugsino"]
[Black "thxgg"]
[Result "0-1"]
[ICCResult "White resigns"]
[WhiteElo "1700"]
[BlackElo "1905"]
[Opening "French: MacCutcheon, Lasker variation"]
[ECO "C12"]
[NIC "FR.05"]
[Time "20:25:11"]
[TimeControl "180+0"]

1. e4 e6 2. d4 d5 3. Nc3 Nf6 4. Bg5 Bb4 5. e5 h6 6. Bd2 Bxc3 7. bxc3 Ne4 8.
Qg4 g5 9. Bd3 Nxd2 10. Kxd2 b6 11. h4 Rg8 12. f4 Ba6 13. hxg5 hxg5 14. Nf3
Bxd3 15. cxd3 Na6 16. fxg5 Qe7 17. Qf4 O-O-O 18. Qf6 Qa3 19. Rhb1 Rgf8 20.
Rb3 Qa5 21. g6 fxg6 22. Qxe6+ Kb7 23. Qe7 g5 24. Qa3 Qxa3 25. Rxa3 g4 26.
Nh4 Rf2+ 27. Ke3 Rc2 28. Rf1 g3 29. Rf3 Rh8 30. Rb3 Rxh4 31. e6 Rh6 32. Kf4
Rxe6 33. Rxg3 Rf2+ 34. Kg5 Ree2 35. Rb1 Rxg2 36. Rxg2 Rxg2+ 37. Kf4 Rxa2 38.
Ke5 Rc2 39. Kxd5 Rxc3 40. Ke4 Nb8 41. d5 Nd7 42. d4 Rc2 43. Rh1 a5 44. Rh5
a4 45. Rf5 a3 46. Rf1 a2 47. Ra1 b5 48. Kf5 b4 49. Ke6 Nb8 50. d6 cxd6 51.
Kxd6 b3 52. Ke7 Rb2 53. d5 Rb1 54. d6 Rxa1 55. d7 Nxd7 56. Kd8 Rc1 57. Ke7
Nb8 58. Kd8 a1=Q 59. Ke7 Qd4 60. Kf7 Qd2 61. Ke6 Rc3 62. Ke5 Re3+ 63. Kf4
Qf2+ {White resigns} 0-1

[Event "ICCopen2017"]
[Site "Internet Chess Club"]
[Date "2017.03.19"]
[Round "7"]
[White "mrneale"]
[Black "DaveyJones"]
[Result "0-1"]
[ICCResult "White resigns"]
[WhiteElo "1081"]
[BlackElo "1507"]
[Opening "Alekhine's defense: two pawns' (Lasker's) attack"]
[ECO "B02"]
[NIC "AL.10"]
[Time "20:25:42"]
[TimeControl "180+0"]

1. e4 Nf6 2. e5 Nd5 3. c4 Nb6 4. c5 Nd5 5. Nf3 e6 6. d4 d6 7. cxd6 cxd6 8.
Nc3 Nxc3 9. bxc3 Nc6 10. Bb5 Bd7 11. exd6 Bxd6 12. O-O O-O 13. Bd3 f5 14.
Re1 Be7 15. Ne5 Nxe5 16. Rxe5 Bf6 17. Re3 Qa5 18. Qb3 Qb6 19. Bxf5 Qxb3 20.
Bxh7+ Kxh7 21. axb3 Rae8 22. Rxa7 e5 23. dxe5 Bxe5 24. Rxb7 Bc6 25. Rh3+ Kg8
26. Rb6 Bc7 27. Be3 Bxb6 28. Kf1 Bxe3 29. Ke2 Bd4+ {White resigns} 0-1

[Event "ICCopen2017"]
[Site "Internet Chess Club"]
[Date "2017.03.19"]
[Round "7"]
[White "marabu"]
[Black "Blitzyy"]
[Result "0-1"]
[ICCResult "White checkmated"]
[WhiteElo "2122"]
[BlackElo "1882"]
[Opening "Nimzovich-Larsen attack: Indian variation"]
[ECO "A01"]
[NIC "VO.08"]
[Time "20:26:32"]
[TimeControl "180+0"]

1. b3 Nf6 2. Bb2 e6 3. e3 c5 4. Nf3 b6 5. d4 Bb7 6. dxc5 Bxc5 7. Nbd2 O-O 8.
Bd3 Nc6 9. Qe2 Nb4 10. O-O-O Nxa2+ 11. Kb1 Nb4 12. g4 a5 13. g5 Nfd5 14. Ne4
a4 15. Nf6+ gxf6 16. gxf6 axb3 17. Bxh7+ Kxh7 18. Ng5+ Kh6 19. cxb3 Ra2 20.
e4 Nc3+ 21. Bxc3 Rxe2 22. f3 Qa8 23. Rd2 Rxd2 24. Bxd2 Qa2+ 25. Kc1 Qc2#
{White checkmated}
0-1

[Event "ICCopen2017"]
[Site "Internet Chess Club"]
[Date "2017.03.19"]
[Round "7"]
[White "elshaddai"]
[Black "MDRAFE3"]
[Result "0-1"]
[ICCResult "White forfeits on time"]
[WhiteElo "1674"]
[BlackElo "1903"]
[Opening "Sicilian defense"]
[ECO "B20"]
[NIC "SI.48"]
[Time "20:25:41"]
[TimeControl "180+0"]

1. e4 c5 2. c4 Nc6 3. d3 g6 4. f4 Bg7 5. Nf3 e6 6. Nc3 Nge7 7. e5 d6 8. exd6
Qxd6 9. Be2 a6 10. O-O O-O 11. Rb1 Nf5 12. Ne4 Qe7 13. a3 a5 14. h3 Nfd4 15.
Be3 b6 16. Kh2 Bb7 17. Bxd4 Nxd4 18. Nxd4 Bxd4 19. Bf3 Rad8 20. Nd2 e5 21.
f5 Be3 22. Qe2 Bf4+ 23. Kh1 gxf5 24. Bxb7 Qxb7 25. Nf3 f6 26. Rbd1 Bg3 27.
b3 f4 28. Qd2 Kh8 29. b4 e4 30. Ne1 e3 31. Qe2 axb4 32. axb4 cxb4 33. Nf3 b5
34. c5 Qd5 35. d4 Qc4 36. Qxc4 bxc4 37. Rb1 b3 38. Rfc1 Rfe8 39. Rxc4 e2
{White forfeits on time}
0-1

[Event "ICCopen2017"]
[Site "Internet Chess Club"]
[Date "2017.03.19"]
[Round "7"]
[White "Lzmann"]
[Black "JESSEJOSE"]
[Result "1-0"]
[ICCResult "Black resigns"]
[WhiteElo "1668"]
[BlackElo "1577"]
[Opening "Blackmar-Diemer: Euwe defense"]
[ECO "D00"]
[NIC "QP.08"]
[Time "20:25:52"]
[TimeControl "180+0"]

1. d4 d5 2. e4 dxe4 3. Nc3 Nf6 4. f3 exf3 5. Nxf3 e6 6. Bd3 b6 7. O-O Bb7 8.
Bg5 Nbd7 9. Qe2 Be7 10. Rae1 O-O 11. Ne4 Nxe4 12. Bxe7 Qxe7 13. Bxe4 Bxe4
14. Qxe4 Nf6 15. Qh4 h6 16. Ne5 c5 17. Nc6 Qd6 18. Rxf6 Qxc6 19. Rxh6 gxh6
20. Qxh6 Qd5 21. Re3 Qxd4 22. h3 Rad8 23. Kh2 Qxe3 24. Qxe3 Rd5 25. h4 Rfd8
26. g3 Rf5 27. Kh3 Rdd5 28. c3 Rde5 29. Qd3 Kg7 30. g4 Rd5 31. Qg3 Rfe5 32.
h5 Rd1 33. Qxe5+ Kf8 34. Qe2 Rd5 35. h6 Kg8 36. Qe4 Rg5 37. Kh4 Rg6 38. g5
f5 39. Qa8+ Kf7 40. Qxa7+ Ke8 41. h7 Rg7 42. h8=Q+ {Black resigns} 1-0

[Event "ICCopen2017"]
[Site "Internet Chess Club"]
[Date "2017.03.19"]
[Round "7"]
[White "findles"]
[Black "BestMate"]
[Result "0-1"]
[ICCResult "White forfeits on time"]
[WhiteElo "1841"]
[BlackElo "2094"]
[Opening "Sicilian: dragon, Yugoslav attack, Rauser variation"]
[ECO "B76"]
[NIC "SI.17"]
[Time "20:25:34"]
[TimeControl "180+0"]

1. e4 c5 2. Nf3 d6 3. d4 cxd4 4. Nxd4 Nf6 5. Nc3 g6 6. Be3 Bg7 7. f3 O-O 8.
Qd2 Nc6 9. O-O-O Bd7 10. h4 h5 11. Be2 Rc8 12. g4 a6 13. gxh5 Nxh5 14. Rdg1
Qa5 15. f4 Nb4 16. Kb1 Rxc3 17. Qxc3 Qxa2+ 18. Kc1 Nxf4 19. Bxf4 Nxc2 20.
Kxc2 Rc8 21. Qxc8+ Bxc8 22. Ra1 Qxa1 23. Rxa1 Bxd4 24. h5 Kg7 25. hxg6 fxg6
26. Rd1 e5 27. Bd2 Kf6 28. Bc3 Bxc3 29. Kxc3 Ke7 30. Bc4 g5 31. Bd5 g4 32.
Rg1 b6 33. Kd2 Kf6 34. Ke3 Kg5 35. Kf2 Bd7 36. Kg3 Bb5 37. Rh1 Be2 38. Rh7
Kf6 {White forfeits on time} 0-1

[Event "ICCopen2017"]
[Site "Internet Chess Club"]
[Date "2017.03.19"]
[Round "7"]
[White "jupiter26"]
[Black "daskapitallesen"]
[Result "1-0"]
[ICCResult "Black forfeits on time"]
[WhiteElo "1730"]
[BlackElo "1822"]
[Opening "Catalan opening"]
[ECO "E00"]
[NIC "EO.45"]
[Time "20:25:11"]
[TimeControl "180+0"]

1. d4 e6 2. c4 Nf6 3. g3 c5 4. Nf3 cxd4 5. Nxd4 Nc6 6. Nxc6 bxc6 7. Bg2 d5
8. O-O Bc5 9. Qa4 Bd7 10. a3 a5 11. Bg5 O-O 12. Nc3 h6 13. Bxf6 Qxf6 14.
cxd5 exd5 15. Bxd5 Bh3 16. Bg2 Bxg2 17. Kxg2 Rfe8 18. Ne4 Qe5 19. Nxc5 Qxc5
20. e3 Qd5+ 21. Kg1 Re4 22. Qc2 Rb8 23. Rfd1 Qe6 24. Rac1 Rc8 25. Qc5 Re5
26. Qd4 Rd5 27. Qf4 Rcd8 28. Qa4 Qd6 29. Rxd5 Qxd5 30. Qxc6 Qxc6 31. Rxc6
Rd1+ 32. Kg2 Rb1 33. Rc2 g6 34. Kf3 Kg7 35. h4 Kf6 36. Ke4 h5 37. Rc6+ Ke7
38. Rc7+ Ke6 39. Rc6+ Ke7 40. Rc2 Ke6 41. f4 f5+ 42. Kf3 Rf1+ 43. Ke2 Rb1
44. Kf3 Rf1+ 45. Kg2 Rb1 46. Kf3 Rf1+ 47. Ke2 Rg1 48. Kf2 Rh1 49. Kg2 Re1
50. Kf2 Rb1 51. Ke2 Rh1 52. Rc6+ Kd5 53. Rb6 Rh2+ 54. Kd3 Rg2 55. Rb5+ Kc6
56. Rxa5 Rxg3 57. Ra6+ Kb5 58. Rf6 Rg4 59. b4 Rxh4 60. Rxg6 Rh3 61. Rg5 Ka4
62. Rxf5 Kxa3 63. Rg5 Kxb4 64. Ke4 Rh2 65. Kf5 Rh1 66. e4 Rg1 67. e5 Rxg5+
68. Kxg5 h4 69. Kxh4 {Black forfeits on time} 1-0

[Event "ICCopen2017"]
[Site "Internet Chess Club"]
[Date "2017.03.19"]
[Round "7"]
[White "LiangLiang"]
[Black "shirovinster"]
[Result "0-1"]
[ICCResult "White resigns"]
[WhiteElo "1780"]
[BlackElo "1707"]
[Opening "Sicilian: Najdorf"]
[ECO "B90"]
[NIC "SI.14"]
[Time "20:26:22"]
[TimeControl "180+0"]

1. e4 c5 2. Nf3 d6 3. d4 cxd4 4. Nxd4 Nf6 5. Nc3 a6 6. Be3 Ng4 7. Bc1 Nf6 8.
f3 Qb6 9. a4 Nc6 10. Nb3 e6 11. a5 Qc7 12. Be3 Be7 13. Qd2 O-O 14. Be2 d5
15. exd5 exd5 16. Nxd5 Nxd5 17. Qxd5 Be6 18. Qe4 Bf6 19. Bb6 Qc8 20. O-O Re8
21. Qf4 Bxb3 22. Bd3 Bd5 23. c4 Be6 24. Qe4 g6 25. Qf4 Bg7 26. Qd2 Ne5 27.
Be2 Nxc4 28. Bxc4 Bxc4 29. Rfc1 Qe6 30. Qf4 Rac8 31. Bf2 Bxb2 32. Re1 Bxa1
33. Rxe6 Rxe6 34. g4 Bd5 35. h4 Rf6 36. Qe5 Bxe5 {White resigns} 0-1

[Event "ICCopen2017"]
[Site "Internet Chess Club"]
[Date "2017.03.19"]
[Round "7"]
[White "qs16"]
[Black "ANGELLR"]
[Result "1-0"]
[ICCResult "Black resigns"]
[WhiteElo "1384"]
[BlackElo "1696"]
[Opening "Queen's pawn game"]
[ECO "D00"]
[NIC "QP.08"]
[Time "20:26:35"]
[TimeControl "180+0"]

1. d4 d5 2. Nd2 Nf6 3. e3 Bf5 4. Bd3 e6 5. f4 Bd6 6. Ngf3 c6 7. O-O Nbd7 8.
Bxf5 exf5 9. Ne5 O-O 10. b3 g6 11. Bb2 Ne4 12. Nxe4 fxe4 13. Ng4 Qh4 14. h3
h5 15. Ne5 Nf6 16. Qe1 Qxe1 17. Raxe1 Kg7 18. c4 Rac8 19. Rc1 Ng8 20. cxd5
cxd5 21. Kh2 Rfd8 22. Rxc8 Rxc8 23. Nd7 Nf6 24. Nxf6 Kxf6 25. Rf2 Ke7 26.
Re2 f5 27. g3 b5 28. Kg2 a6 29. Kf2 Rc6 30. Kg2 Kf7 31. Kf2 a5 32. Kg2 a4
33. bxa4 bxa4 34. a3 Rb6 35. Rc2 Rb3 36. Kf2 Bxa3 37. Bxa3 Rxa3 38. Rc5 Ra2+
39. Kf1 a3 40. Ra5 Rh2 41. Rxa3 Rxh3 42. Kg2 Rxg3+ 43. Kxg3 Kf6 44. Ra6+ Kg7
45. Kh4 Kh6 46. Rd6 Kh7 47. Kg5 {Black resigns} 1-0

[Event "ICCopen2017"]
[Site "Internet Chess Club"]
[Date "2017.03.19"]
[Round "7"]
[White "dfvm"]
[Black "whiteshark"]
[Result "0-1"]
[ICCResult "White resigns"]
[WhiteElo "1994"]
[BlackElo "2496"]
[Opening "Sicilian defense"]
[ECO "B30"]
[NIC "SI.31"]
[Time "20:25:40"]
[TimeControl "180+0"]

1. e4 c5 2. Nf3 Nc6 3. g3 e6 4. Bg2 h5 5. c3 Be7 6. h4 d5 7. exd5 exd5 8. d4
c4 9. Bf4 Bf5 10. Nbd2 f6 11. Bh3 Bd3 12. Bf1 Bg6 13. Be2 Qd7 14. b3 cxb3
15. Nxb3 Nh6 16. Bd3 Be4 17. Bxe4 dxe4 18. Nfd2 Qf5 19. Qe2 g5 20. hxg5 fxg5
21. Qxh5+ Nf7 22. Qxh8+ Nxh8 23. Rxh8+ Bf8 24. Bd6 O-O-O 25. Bxf8 Rxf8 26.
Rxf8+ Qxf8 27. O-O-O Qxf2 28. Nxe4 Qe3+ 29. Nbd2 Na5 30. Rf1 Nc4 31. Rf3
Qe1+ 32. Kc2 Ne3+ 33. Kd3 Ng2 34. Nd6+ Kd7 35. N6c4 b5 36. Ne5+ Ke6 37. Rf8
Qxg3+ 38. Ndf3 Ne1+ 39. Ke3 Nxf3 40. Rxf3 Qg1+ 41. Ke4 g4 42. d5+ Kd6 43.
Rf6+ Kc7 44. d6+ Kb7 45. Rf7+ Kb6 46. d7 Qe1+ 47. Kf5 Qd2 48. Ke6 g3 49. Rf8
g2 50. d8=Q+ Qxd8 51. Rxd8 g1=Q 52. Nd7+ Kc7 53. Rb8 Qg4+ 54. Ke7 Qxd7+
{White resigns}
0-1

[Event "ICCopen2017"]
[Site "Internet Chess Club"]
[Date "2017.03.19"]
[Round "7"]
[White "elshan-defence"]
[Black "burbur"]
[Result "1-0"]
[ICCResult "Black forfeits on time"]
[WhiteElo "2714"]
[BlackElo "2474"]
[Opening "QGD Slav: 4.e3"]
[ECO "D11"]
[NIC "QP.11"]
[Time "20:25:16"]
[TimeControl "180+0"]

1. Nf3 c6 2. d4 d5 3. c4 Nf6 4. e3 Bg4 5. Nbd2 e6 6. h3 Bh5 7. Bd3 Nbd7 8.
b3 Bg6 9. Be2 Bd6 10. Bb2 O-O 11. Ne5 Bxe5 12. dxe5 Ne4 13. O-O Nxd2 14.
Qxd2 dxc4 15. Bxc4 Nb6 16. Qb4 Nxc4 17. bxc4 Qb6 18. a3 Rfd8 19. Bd4 Qc7 20.
c5 Bd3 21. Rfd1 Ba6 22. Bc3 Rd3 23. Rxd3 Bxd3 24. Rd1 Rd8 25. Qh4 Rd5 26.
Bd4 Ba6 27. f4 h6 28. Qg4 Qd7 29. Rc1 Qd8 30. Kh2 Bd3 31. Rc3 Bf5 32. Qe2
Be4 33. Rb3 Rd7 34. Rb4 Bg6 35. Qb2 Qc8 36. a4 Bd3 37. a5 Ba6 38. Qb1 Rd5
39. e4 Rd7 40. f5 Qd8 41. Qb2 Qg5 42. Qf2 Bd3 43. Be3 Qe7 44. f6 Qf8 45. Qg3
Kh7 46. Qh4 g6 47. g4 Ba6 48. Rd4 Rxd4 49. Bxd4 g5 50. Qf2 Qd8 51. Qd2 Qd7
52. Be3 Qxd2+ 53. Bxd2 Bd3 54. Bc3 Bxe4 55. Kg3 Bd5 56. h4 a6 57. h5 Kh8 58.
Kh3 Kh7 59. Kg3 Kh8 60. Kh3 {Black forfeits on time} 1-0

[Event "ICCopen2017"]
[Site "Internet Chess Club"]
[Date "2017.03.19"]
[Round "7"]
[White "CadiZKilleR"]
[Black "chessrex"]
[Result "1-0"]
[ICCResult "Black checkmated"]
[WhiteElo "1576"]
[BlackElo "1927"]
[Opening "Réti: Herrström gambit"]
[ECO "A04"]
[NIC "QP.11"]
[Time "20:26:13"]
[TimeControl "180+0"]

1. Nf3 g5 2. Nxg5 e5 3. d3 Be7 4. Nf3 Nc6 5. b3 Nf6 6. Bb2 d6 7. c4 Rg8 8.
g3 Be6 9. Nc3 Qd7 10. Qc2 O-O-O 11. a3 Bf5 12. b4 d5 13. b5 Nd4 14. Nxd4
exd4 15. Nxd5 Nxd5 16. cxd5 Qxd5 17. Rc1 Rd7 18. Rg1 Qxb5 19. a4 Qa5+ 20.
Kd1 Kb8 21. Qb3 Be6 22. Qc2 c5 23. Bg2 Rc8 24. Rb1 Bd5 25. Bh3 Be6 26. Bg2
Rdc7 27. Bc1 Bd7 28. Bf4 Bxa4 29. Rxb7+ Ka8 30. Rxc7+ Kb8 31. Rxc5+ Rc7 32.
Bxc7+ Qxc7 33. Rxc7 Bxc2+ 34. Rxc2 Bd6 35. e3 dxe3 36. fxe3 a5 37. Kd2 Ka7
38. Rb1 Bb4+ 39. Rxb4 axb4 40. Rb2 Kb6 41. Rxb4+ Kc5 42. Rh4 Kd6 43. Rxh7
Ke7 44. Rxf7+ Kxf7 45. d4 Ke6 46. h4 Kf5 47. h5 Kg4 48. h6 Kxg3 49. h7 Kxg2
50. h8=Q Kf3 51. Qe5 Kg4 52. d5 Kf3 53. d6 Kf2 54. d7 Kf3 55. d8=Q Kf2 56.
Qdf6+ Kg2 57. Qeg5+ Kh3 58. Qfh6# {Black checkmated} 1-0

[Event "ICCopen2017"]
[Site "Internet Chess Club"]
[Date "2017.03.19"]
[Round "7"]
[White "zelog"]
[Black "Voltage"]
[Result "0-1"]
[ICCResult "White forfeits on time"]
[WhiteElo "2053"]
[BlackElo "2381"]
[Opening "English opening"]
[ECO "A13"]
[NIC "EO.64"]
[Time "20:25:38"]
[TimeControl "180+0"]

1. c4 e6 2. g3 Nf6 3. Bg2 Be7 4. Nf3 O-O 5. O-O d5 6. d3 c6 7. Nc3 b6 8. Rb1
Bb7 9. b4 Nbd7 10. a4 Rc8 11. Bf4 Nh5 12. Bd2 Nhf6 13. Qb3 Ba8 14. cxd5 cxd5
15. b5 Nc5 16. Qa2 h6 17. Rfc1 Bd6 18. Nd4 Be7 19. Nb3 Nxb3 20. Qxb3 Nd7 21.
d4 Nf6 22. Na2 Qd7 23. Bb4 Ne4 24. Bxe7 Qxe7 25. Bxe4 dxe4 26. Nb4 Qg5 27.
e3 e5 28. dxe5 Qxe5 29. Nc6 Bxc6 30. Rxc6 Rxc6 31. bxc6 Qc5 32. Qb5 Qc2 33.
Kg2 Rc8 34. Rb4 Qxc6 35. Qxc6 Rxc6 36. Rxe4 Kf8 37. Kf3 f6 38. h4 Kf7 39. h5
Rc5 40. g4 Re5 41. Rc4 Rc5 42. Rd4 Ke7 43. Kf4 a6 44. f3 b5 45. axb5 axb5
46. e4 Rc4 47. Rd5 b4 48. Rb5 Ke6 49. Rb7 Kd6 50. Kf5 Rc3 51. f4 b3 52. Kg6
Rg3 53. Kxg7 Rxg4+ 54. Kxh6 Rxf4 55. Rxb3 Rxe4 56. Rg3 Re8 57. Kg7 Re7+ 58.
Kg6 Re8 59. Kxf6 Rf8+ 60. Kg7 Rf5 61. h6 Rb5 62. h7 Rb7+ 63. Kh6 Re7 64.
h8=Q Re6+ 65. Rg6 Rf6 {White forfeits on time} 0-1

[Event "ICCopen2017"]
[Site "Internet Chess Club"]
[Date "2017.03.19"]
[Round "7"]
[White "K-Georgiev"]
[Black "kaens"]
[Result "1-0"]
[ICCResult "Black forfeits on time"]
[WhiteElo "2974"]
[BlackElo "2290"]
[Opening "English: three knights system"]
[ECO "A27"]
[NIC "EO.21"]
[Time "20:25:38"]
[TimeControl "180+0"]

1. c4 e5 2. Nc3 Nc6 3. Nf3 f5 4. d4 e4 5. Bg5 Nf6 6. Nd2 g6 7. e3 Bg7 8. c5
O-O 9. Bc4+ Kh8 10. h4 Qe8 11. Nb5 d5 12. cxd6 cxd6 13. Nc7 Qd7 14. Nxa8 d5
15. Be2 b6 16. h5 gxh5 17. Rc1 Bb7 18. Nxb6 axb6 19. g3 Nb4 20. Qb3 Nd3+ 21.
Bxd3 exd3 22. Qxb6 Bc8 23. Bxf6 Rxf6 24. Qc7 Rf8 25. Qxd7 Bxd7 26. Rxh5 f4
27. gxf4 Bg4 28. Rxd5 Be2 29. Rc7 Bf6 30. Rdc5 h5 31. Rc8 Bd8 32. Rd5 Kh7
33. Rd7+ Kh6 34. Rdxd8 Rf7 35. f3 Rg7 36. Kf2 h4 37. Rh8+ Kg6 38. Rxh4 Kf6
39. Rc6+ Ke7 40. Rc1 Kd7 41. Rg1 Rf7 42. Rhg4 Re7 43. Rg7 Kd6 44. Rxe7 Kxe7
45. e4 Kd6 46. f5 Kc6 47. Ke3 Kb5 48. f6 Kb4 49. f7 Ka5 50. f8=Q Bd1 51.
Qc5+ {Black forfeits on time} 1-0

[Event "ICCopen2017"]
[Site "Internet Chess Club"]
[Date "2017.03.19"]
[Round "7"]
[White "Anneay"]
[Black "VrloJakMK"]
[Result "1-0"]
[ICCResult "Black resigns"]
[WhiteElo "2496"]
[BlackElo "2084"]
[Opening "French: Tarrasch"]
[ECO "C03"]
[NIC "FR.14"]
[Time "20:26:43"]
[TimeControl "180+0"]

1. e4 e6 2. d4 d5 3. Nd2 a5 4. Ngf3 a4 5. a3 Nf6 6. e5 Nfd7 7. Bd3 c5 8. c3
Nc6 9. O-O cxd4 10. cxd4 Qb6 11. Bc2 Nxd4 12. Bxa4 Nc6 13. Nb1 Qc7 14. Re1
Bc5 15. Nc3 Na7 16. Be3 Bxe3 17. Rxe3 h6 18. Nd4 O-O 19. f4 Nc6 20. Nce2 Nc5
21. Bc2 Ne7 22. Rc1 Qb6 23. Kh1 Bd7 24. b4 Na4 25. Qd3 g6 26. Rh3 Kg7 27.
Ng3 Rac8 28. Nh5+ Kh8 29. Nf6 Ng8 30. Nxd7 Qc7 31. Nxf8 Rxf8 {Black resigns}
1-0

[Event "ICCopen2017"]
[Site "Internet Chess Club"]
[Date "2017.03.19"]
[Round "7"]
[White "fletcherdavid"]
[Black "arnav311004"]
[Result "0-1"]
[ICCResult "White resigns"]
[WhiteElo "1795"]
[BlackElo "1648"]
[Opening "Sicilian defense"]
[ECO "B20"]
[NIC "SI.48"]
[Time "20:26:54"]
[TimeControl "180+0"]

1. e4 c5 2. c4 d6 3. Nc3 Nf6 4. g3 e6 5. Bg2 Nc6 6. Nge2 Be7 7. O-O O-O 8.
d4 cxd4 9. Nxd4 a6 10. Nxc6 bxc6 11. e5 dxe5 12. Bxc6 Rb8 13. b3 Qa5 14. Bb2
Rd8 15. Qc2 Bb7 16. Bxb7 Rxb7 17. Rfd1 Rbb8 18. a3 h6 19. b4 Qc7 20. c5 a5
21. Rxd8+ Rxd8 22. Ne4 Nd5 23. b5 f5 24. Nd2 Bxc5 25. Rc1 Rc8 26. Qb3 Qa7
27. Rf1 e4 28. a4 e3 29. Nc4 exf2+ 30. Kg2 Qb7 31. Kh3 g5 32. Nxa5 g4+ 33.
Kh4 Qe7+ {White resigns} 0-1

[Event "ICCopen2017"]
[Site "Internet Chess Club"]
[Date "2017.03.19"]
[Round "7"]
[White "atoz"]
[Black "lion100"]
[Result "0-1"]
[ICCResult "White forfeits on time"]
[WhiteElo "1449"]
[BlackElo "1414"]
[Opening "English: symmetrical variation"]
[ECO "A30"]
[NIC "EO.64"]
[Time "20:25:36"]
[TimeControl "180+0"]

1. c4 c5 2. g3 Nc6 3. Bg2 e6 4. Nc3 Nf6 5. e3 d6 6. Nge2 Be7 7. O-O O-O 8.
d4 cxd4 9. exd4 a6 10. f4 Rb8 11. b3 b5 12. Bd2 Bd7 13. Rb1 Qb6 14. Be3 Qc7
15. Qd3 e5 16. a3 exd4 17. Nxd4 Nxd4 18. Bxd4 Bc6 19. Bxc6 Qxc6 20. Bxf6
Bxf6 21. Nd5 Qc5+ 22. Kg2 Bd8 23. cxb5 Rxb5 24. Nb4 a5 25. Rbc1 Qb6 26. Rc6
Qb7 27. Rf3 axb4 28. a4 Qxc6 29. axb5 Qb7 30. Qf5 Bf6 31. Kf2 Bd4+ 32. Kf1
Bc5 33. Qd3 Rb8 34. Kg2 Qxb5 35. Qd2 h6 36. Qc2 Re8 37. Rf1 Re2+
{White forfeits on time}
0-1

[Event "ICCopen2017"]
[Site "Internet Chess Club"]
[Date "2017.03.19"]
[Round "7"]
[White "Chamanx"]
[Black "Mandragora"]
[Result "0-1"]
[ICCResult "White forfeits on time"]
[WhiteElo "1286"]
[BlackElo "1551"]
[Opening "Sicilian: Najdorf, Opocensky variation"]
[ECO "B92"]
[NIC "SI.10"]
[Time "20:25:24"]
[TimeControl "180+0"]

1. e4 c5 2. Nf3 d6 3. d4 cxd4 4. Nxd4 Nf6 5. Nc3 a6 6. Be2 Nc6 7. Be3 Bd7 8.
O-O g6 9. f4 Bg7 10. Bf3 Rc8 11. g4 b5 12. a3 h5 13. Nxc6 Bxc6 14. g5 Ng4
15. Bxg4 hxg4 16. Qxg4 Bxc3 17. bxc3 Bxe4 18. f5 Rc4 19. Bd4 Qa8 20. fxg6
Bxg6 21. Rf2 e5 22. Raf1 exd4 23. Rxf7 Bxf7 24. g6 Bd5 25. g7 Rg8 26. Re1+
Kd8 27. Qg5+ Kc7 28. Re7+ Kb6 29. Rd7 Qc6 30. Qe7 dxc3 31. Rxd6 Qxd6 32.
Qxd6+ Bc6 33. a4 Rxg7+ 34. Kf2 Rh4 35. Qd8+ Kc5 36. Qxh4 Rf7+ 37. Ke3 bxa4
38. Qg5+ Kb6 39. Qg6 Rd7 {White forfeits on time} 0-1

[Event "ICCopen2017"]
[Site "Internet Chess Club"]
[Date "2017.03.19"]
[Round "7"]
[White "ladrife"]
[Black "Littlejack1"]
[Result "1-0"]
[ICCResult "Black forfeits on time"]
[WhiteElo "1491"]
[BlackElo "1358"]
[Opening "Nimzo-Indian: classical variation"]
[ECO "E32"]
[NIC "NI.24"]
[Time "20:25:39"]
[TimeControl "180+0"]

1. d4 Nf6 2. c4 e6 3. Nc3 Bb4 4. Qc2 O-O 5. Nf3 Bxc3+ 6. Qxc3 d5 7. e3 b6 8.
Be2 Ne4 9. Qc2 Nd6 10. c5 bxc5 11. Qxc5 Ne4 12. Qc2 c5 13. dxc5 Qc7 14. b4
a5 15. Bd2 axb4 16. Bxb4 Na6 17. Ba3 Naxc5 18. Bxc5 Qxc5 19. Qxc5 Nxc5 20.
O-O Ne4 21. Rfc1 Ba6 22. Bd1 Rac8 23. Bb3 Nc3 24. Kh1 Ne2 25. Rxc8 Rxc8 26.
h4 h6 27. Kh2 Rc3 28. Rd1 Nc1 29. Nd4 Nxb3 30. Nxb3 Bc4 31. Nc1 Ra3 32. Rd2
Kf8 33. Kg3 Ke7 34. Kf3 Kd6 35. g4 Kc5 36. Kf4 f6 37. f3 Kb4 38. g5
{Black forfeits on time}
1-0

[Event "ICCopen2017"]
[Site "Internet Chess Club"]
[Date "2017.03.19"]
[Round "7"]
[White "arshavin2015"]
[Black "GrandPatzer5"]
[Result "1-0"]
[ICCResult "Black resigns"]
[WhiteElo "2023"]
[BlackElo "1844"]
[Opening "KP: Nimzovich defense"]
[ECO "B00"]
[NIC "VO.04"]
[Time "20:26:04"]
[TimeControl "180+0"]

1. e4 Nc6 2. Nc3 g6 3. g3 Bg7 4. Bg2 e5 5. d3 d6 6. Nge2 f5 7. O-O Nf6 8.
Bg5 O-O 9. Qd2 Ne7 10. f4 h6 11. fxe5 hxg5 12. exf6 Bxf6 13. Rf2 c6 14. Raf1
Be6 15. a3 d5 16. exd5 Nxd5 17. Kh1 Qd7 18. Ng1 Rae8 19. Nf3 g4 20. Ng5 Nxc3
21. bxc3 Bd5 22. h4 Re7 23. c4 Bxg2+ 24. Kxg2 Rfe8 25. h5 Bd4 26. hxg6 Bxf2
27. Rxf2 Re1 28. Nf7 R8e3 29. Qc3 Kf8 30. Qf6 Qe6 31. g7+ Kg8 32. Nh6+ Kh7
33. g8=Q+ Qxg8 34. Nxg8 Kxg8 35. Qg6+ {Black resigns} 1-0